 Dungeon Crawl Stone Soup version 0.21-a0-578-gc6e9d75 (webtiles) character file.

14 vishdafish the Charmwright (level 2, 0/22 HPs)
             Began as a Demonspawn Skald on Dec 18, 2017.
             Succumbed to an adder's poison
             ... on level 1 of the Dungeon.
             The game lasted 00:01:03 (355 turns).

vishdafish the Charmwright (Demonspawn Skald)        Turns: 355, Time: 00:01:03

Health: 0/22       AC:  4    Str: 11    XL:     2   Next: 27%
Magic:  5/5        EV: 10    Int: 14    God:
Gold:   12         SH:  0    Dex: 12    Spells: 4/5 levels left

rFire    . . .     SeeInvis .   a - +0 spear
rCold    . . .     Gourm    .   (no shield)
rNeg     . . .     Faith    .   e - -1 ring mail (curse)
rPois    .         Spirit   .   (helmet restricted)
rElec    .         Reflect  .   (no cloak)
rCorr    .         Harm     .   (no gloves)
MR       .....                  (no boots)
Stlth    +.........             (no amulet)
HPRegen  0.07/turn              (no ring)
MPRegen  0.09/turn              (no ring)

@: lethally poisoned (0 -> -2)
A: horns 1
a: no special abilities


You were on level 1 of the Dungeon.
You were not hungry.

You visited 1 branch of the dungeon, and saw 2 of its levels.

You collected 12 gold pieces.

Inventory:

Hand Weapons
 a - a +0 spear (weapon)
Armour
 b - a +0 leather armour
 e - a cursed -1 ring mail (worn)
Books
 c - a book of Battle

   Spells                             Type                      Level
   a - Infusion                       Charms                       1
   b - Shroud of Golubria             Charms/Translocation         2
   c - Song of Slaying                Charms                       2
   d - Spectral Weapon                Hexes/Charms                 3
   e - Regeneration                   Charms/Necromancy            3
Comestibles
 d - 2 rations


   Skills:
 - Level 2.0 Fighting
 + Level 2.0 Polearms
 + Level 1.2 Armour
 + Level 2.0 Dodging
 - Level 2.0 Spellcasting
 + Level 2.9 Charms


You had 4 spell levels left.
You knew the following spells:

 Your Spells              Type           Power        Failure   Level  Hunger
a - Infusion              Chrm           #...         17%         1    ##.....


Dungeon Overview and Level Annotations

Branches:
Dungeon (2/15)

Altars:


Innate Abilities, Weirdness & Mutations

You have a pair of small horns on your head.


Message History

The giant cockroach barely misses you.
You climb upwards.
* * * LOW HITPOINT WARNING * * *
You feel sick.
There is a stone staircase leading down here.
You hit the giant cockroach.
You kill the giant cockroach!
* * * LOW HITPOINT WARNING * * *
You feel sick.
There is a lethal amount of poison in your body!
As you read the scroll labeled XIMEODWY DIEZ, it crumbles to dust.
You feel aware of your surroundings.
It was a scroll of magic mapping.
* * * LOW HITPOINT WARNING * * *
You feel sick.
There is a stone staircase leading down here.
* * * LOW HITPOINT WARNING * * *
You feel sick.
* * * LOW HITPOINT WARNING * * *
You feel sick.
You die...

#...# ##.....## #.#
#####..####..##### #.##
.........##.## ######..#
..##...#....# ##.......#
#.###..###### ##........## #.#
#..## ###..........# #.####..##
####............#
#..###...#######....#..........#
##..###.........@..............#
*##...##.#####..#####..........#
.####.##.#####.### ##........##
..........#..)...####..........#
####................#..........#
............#####.#..........รท.#
#######....## #..............#
#....# ####......>....# ##...#
****##.........###


There were no monsters in sight!

Vanquished Creatures
  An adder skeleton (D:2)
  A bat (D:1)
  2 giant cockroaches (D:1)
  2 goblins (D:1)
  A hobgoblin (D:1)
  2 kobolds (D:1)
  A rat (D:1)
10 creatures vanquished.

Notes
Turn   | Place    | Note
-------+----------+-------------------------------------------
     0 | D:1      | vishdafish the Demonspawn Skald began the quest for the Orb.
     0 | D:1      | Reached XP level 1. HP: 16/16 MP: 3/3
     6 | D:1      | Noticed a hog
     6 | D:1      | Noticed a five-headed hydra
     6 | D:1      | Noticed a polar bear
    24 | D:1      | Reached skill level 1 in Armour
   125 | D:1      | Gained mutation: You have a pair of small horns on your head. [demonic ancestry]
   125 | D:1      | Reached XP level 2. HP: 14/22 MP: 5/5
   321 | D:1      | You fall through a shaft!
   347 | D:1      | HP: 1/22 [poisoned by an adder]
   355 | D:1      | Succumbed to an adder's poison

Vault maps used:
D:1:      onia_arrival_zoo_common
D:2:      bloody_makhleb, nicolae_dithmenos_shadow_blocks

Skill      XL: |  1 |
---------------+----+-----
Armour         | 1 |  1.2
Dodging        | 2 |  2.0
Polearms       | 2 |  2.0
Fighting       | |  2.0
Spellcasting   | |  2.0
Charms         | |  2.9

Action                   || total
-------------------------++-------
Melee: Spear             ||    40
       Headbutt          ||     1
 Cast: Infusion          ||     4
  Use: Scroll            ||     1
Armor: Leather armour    ||     5
       Ring mail         ||    14
Dodge: Dodged            ||    30

Table legend:
 A = Spawn XP
 B = Non-spawn XP
 C = Spawn XP percentage of total XP
 D = Spawn monster count
 E = Non-spawn monster count
 F = Spawn count percentage of total count
 G = Total turns spent on level
                    A         B        C        D         E        F      G
               +---------+---------+-------+---------+---------+-------+---------
         Total |       0 |      20 |   0.0 |       0 |      10 |   0.0 |   355
               +---------+---------+-------+---------+---------+-------+---------
           D:1 |       0 |      15 |   0.0 |       0 |       9 |   0.0 |   336
           D:2 |       0 |       5 |   0.0 |       0 |       1 |   0.0 |    19
               +---------+---------+-------+---------+---------+-------+---------
